 Dungeon Crawl Stone Soup version 0.28.0-53-g5a82cb258f (webtiles) character file.

Game seed: 823059381812568069

73 Sin92 the Skirmisher (level 4, 0/35 HPs)
             Began as a Demonspawn Fighter on July 19, 2022.
             Slain by a goblin
             ... wielding a +1 trident of flaming
              (2 damage)
             ... on level 2 of the Dungeon.
             The game lasted 00:06:47 (1362 turns).

Sin92 the Skirmisher (Demonspawn Fighter)           Turns: 1362, Time: 00:06:48

Health: 0/35       AC:  8    Str: 18    XL:     4   Next: 8%
Magic:  4/4        EV:  9    Int: 10    God:
Gold:   33         SH:  4    Dex: 12    Spells: 3/3 levels left

rFire   . . .      SeeInvis .   a - +0 war axe
rCold   . . .      Faith    .   c - +0 buckler
rNeg    . . .      Spirit   .   b - +0 scale mail
rPois   .          Reflect  .   (no helmet)
rElec   .          Harm     .   (no cloak)
rCorr   .          Rampage  .   (no gloves)
Will    .....                   (no boots)
Stlth   ..........              (no amulet)
HPRegen 0.11/turn               g - ring of flight
MPRegen 0.09/turn               (no ring)

@: flying
A: yellow scales 1, condensation shield
a: no special abilities


You were on level 2 of the Dungeon.
You visited 1 branch of the dungeon, and saw 2 of its levels.

You collected 33 gold pieces.

Inventory:

Hand Weapons
 a - a +0 war axe (weapon)
Armour
 b - a +0 scale mail (worn)
 c - a +0 buckler (worn)
Jewellery
 g - a ring of flight (left hand)
Scrolls
 e - 2 scrolls of identify {unknown}
 h - a scroll of enchant weapon {unknown}
Potions
 d - a potion of might


   Skills:
 + Level 3.4 Fighting
 * Level 2.9 Axes
 + Level 3.1 Armour
 + Level 3.1 Shields


You had 3 spell levels left.
You didn't know any spells.
Your spell library contained the following spells:

 Spells                   Type           Power      Damage    Failure   Level
 Cause Fear               Hex            0%         N/A       100%        4
 Dragon Form              Tmut           0%         N/A       100%        7
 Dragon's Call            Summ           0%         N/A       100%        9


Dungeon Overview and Level Annotations

Branches:
Dungeon (2/15)

Altars:

Shops:
D:1 (


Innate Abilities, Weirdness & Mutations

You are partially covered in yellow scales. (AC +2)
A meltable shield of frost defends you. (SH +0)


Message History

You closely miss the adder.
The adder is almost dead.
You feel sick. The adder bites you but does no damage.
You hit the adder.
You kill the adder!
You feel sick.
You are no longer poisoned.
You have reached level 4!
You feel clever.
You start resting.
A goblin comes into view. It is wielding a +1 trident of flaming.
A goblin is nearby!
The goblin shouts!
The goblin completely misses you.
Found a stone staircase leading down.
There is a stone staircase leading down here.
You block the goblin's attack.
There is a stone staircase leading down here.
You closely miss the goblin. You block the goblin's attack.
You closely miss the goblin. The goblin closely misses you.
The goblin completely misses you.
You closely miss the goblin.
The goblin hits you with a +1 trident of flaming.
* * * LOW HITPOINT WARNING * * *
Your condensation shield dissipates!
The goblin burns you.
* * * LOW HITPOINT WARNING * * *
You closely miss the goblin.
The goblin hits you with a +1 trident of flaming.
* * * LOW HITPOINT WARNING * * *
The goblin burns you.
* * * LOW HITPOINT WARNING * * *
You hit the goblin but do no damage. You block the goblin's attack.
The goblin hits you but does no damage.
Unknown command.
You completely miss the goblin.
The goblin hits you with a +1 trident of flaming.
* * * LOW HITPOINT WARNING * * *
The goblin burns you.
You die...

.. .###...#..# ≈
≈≈≈≈≈≈...##
#≈≈≈≈≈#≈#.## #.
#≈###≈#≈#.#
#.≈#≈≈≈≈≈#≈..#
#)≈≈≈≈≈≈≈≈≈..#
#....$[.†.##...#
#.....#†..####.##
#.....#...g@...<#
..........#####...>.
#.###..)..... .....
# #..###...... ###.
#.# ##...... #.
...... . #####. .#


You could see a goblin.

Vanquished Creatures
  4 adders (D:2)
  8 ball pythons
  5 endoplasms (D:1)
  3 hobgoblins
  4 kobolds (D:1)
  2 quokkas (D:1)
  4 bats
  2 frilled lizards (D:1)
  3 goblins (D:1)
  4 rats
39 creatures vanquished.

Notes
Turn   | Place    | Note
-------+----------+-------------------------------------------
     0 | D:1      | Sin92 the Demonspawn Fighter began the quest for the Orb.
     0 | D:1      | Reached XP level 1. HP: 18/18 MP: 1/1
   354 | D:1      | Gained mutation: A meltable shield of frost defends you.
                  | (SH +0) [demonic ancestry]
   354 | D:1      | Reached XP level 2. HP: 24/24 MP: 2/2
   540 | D:1      | Found Wyniolonn's Weapon Shop.
   901 | D:1      | Gained mutation: You are partially covered in yellow
                  | scales. (AC +2) [demonic ancestry]
   901 | D:1      | Reached XP level 3. HP: 21/29 MP: 3/3
  1321 | D:2      | Reached XP level 4. HP: 11/35 MP: 4/4
  1362 | D:2      | Slain by a goblin

Illustrated notes

Levels and vault maps discovered:
D:1:      tarquinn_simple_flora_water_b, layout_basic, serial_shops,
          nicolae_shop_bloodbath_and_beyond
D:2:      layout_rooms, basic_altar, minmay_crystal_water

Skill      XL: |  1  2  3 |
---------------+----------+-----
Axes           | 2 |  2.9
Armour         | 3 |  3.1
Shields        | 3 |  3.1
Fighting       | |  3.4

Action                   |  1- 3 |  4- 6 || total
-------------------------+-------+-------++-------
Melee: War axe           |   103 |     6 ||   109
  Use: Potion            |     1 |       ||     1
Armor: Scale mail        |    43 |     1 ||    44
Dodge: Dodged            |    41 |     3 ||    44
Block: Buckler           |    57 |     3 ||    60
